 Dungeon Sprint DCSS version 0.22-a0-351-g29664b4 (webtiles) character file.

463 Kairos the Cleaver (level 7, -2/103 HPs)
             Began as a Hill Orc Fighter on Apr 12, 2018.
             Was an Initiate of Makhleb.
             Slain by a red devil
             ... wielding a +0 trident
             ... summoned by a kobold demonologist
              (19 damage)
             ... while paralysed by a floating eye
             ... in the Dungeon (Sprint I: "Red Sonja").
             The game lasted 00:01:56 (1018 turns).

Kairos the Cleaver (Hill Orc Fighter)               Turns: 1018, Time: 00:01:56

Health: -2/103     AC:  6    Str: 26    XL:     7   Next: 7%
Magic:  7/7        EV:  2    Int:  8    God:    Makhleb [......]
Gold:   270        SH:  0    Dex: 10    Spells: 6/6 levels left

rFire    . . .     SeeInvis .   a - +0 war axe
rCold    . . .     Gourm    .   c - +0 shield
rNeg     . . .     Faith    .   l - +2 leather armour {MR+}
rPois    .         Spirit   .   (no helmet)
rElec    .         Reflect  .   (no cloak)
rCorr    .         Harm     .   (no gloves)
MR       +....     NoTele   +   (no boots)
Stlth    ..........             (no amulet)
HPRegen  0.27/turn              (no ring)
MPRegen  0.10/turn              (no ring)

@: paralysed, berserking
A: no striking features
a: Renounce Religion


You were in the Dungeon.
You worshipped Makhleb.
Makhleb was noncommittal.
You were not hungry.

You visited 1 branch You collected 270 gold pieces.

Inventory:

Hand Weapons
 a - a +0 war axe (weapon)
Armour
 b - a +0 scale mail
 c - a +0 shield (worn)
 l - a +2 leather armour of magic resistance (worn)
Scrolls
 k - a scroll of blinking
Potions
 d - a potion of might
 e - a potion of curing
 g - a potion of heal wounds
 h - a potion of haste
 i - 2 potions of magic
 n - a potion of degeneration {unknown}
Comestibles
 f - a ration


   Skills:
 + Level 8.7 Fighting
 + Level 10.6 Axes
 + Level 8.4 Armour
 + Level 2.9 Dodging
 + Level 7.8 Shields


You had 6 spell levels left.
You didn't know any spells.

Dungeon Overview and Level Annotations

Branches:
Dungeon (1/1)

Altars:
Makhleb
Xom
Jiyva
Lugonu


Message History

You slash the ufetubus!
You kill the ufetubus!
You slash the floating eye!
The floating eye gazes piercingly through you!
You suddenly lose the ability to move!
The red devil hits you from afar with a trident!!
* * * LOW HITPOINT WARNING * * *
The kobold demonologist gestures wildly while chanting.
The red devil hits you from afar with a trident.
* * * LOW HITPOINT WARNING * * *
The kobold demonologist casts a cantrip, but nothing happens.
The kobold demonologist hits you but does no damage.
The red devil hits you from afar with a trident.
* * * LOW HITPOINT WARNING * * *
The crimson imp hits you.
* * * LOW HITPOINT WARNING * * *
The kobold demonologist hits you but does no damage.
The iron imp hits you but does no damage.
The red devil hits you from afar with a trident!!
You die...

#####################
.').#..'..#__#.5@KK5#
.#..').#..'..'.5#G4.#
###'#####+#__####55.+
#..# #### #### ####


You could see 2 kobold demonologists, a red devil, a floating eye, an iron imp,
a crimson imp and 3 ufetubi.

Vanquished Creatures
  A slime creature (D)
  Sigmund (D)
  An ogre (D)
  Ijyb (D)
4 creatures vanquished.

Vanquished Creatures (others)
  2 hornets (D)
2 creatures vanquished.

Grand Total: 6 creatures vanquished

Notes
Turn   | Place    | Note
-------+----------+-------------------------------------------
     0 | D        | Kairos the Hill Orc Fighter began the quest for the Orb.
     0 | D        | Reached XP level 1. HP: 19/19 MP: 1/1
     1 | D        | Noticed Ijyb
    21 | D        | Killed Ijyb
    21 | D        | Reached skill level 5 in Fighting
    21 | D        | Reached skill level 4 in Axes
    21 | D        | Reached XP level 2. HP: 20/29 MP: 2/2
    21 | D        | Reached XP level 3. HP: 26/36 MP: 3/3
   217 | D        | Noticed an ogre
   226 | D        | Killed an ogre
   226 | D        | Reached skill level 6 in Axes
   226 | D        | Reached skill level 1 in Dodging
   226 | D        | Reached skill level 5 in Shields
   226 | D        | Reached XP level 4. HP: 22/44 MP: 4/4
   417 | D        | Noticed Sigmund
   426 | D        | Killed Sigmund
   426 | D        | Reached skill level 8 in Axes
   426 | D        | Reached XP level 5. HP: 50/53 MP: 5/5
   426 | D        | Reached XP level 6. HP: 58/61 MP: 6/6
   560 | D        | Found a burning altar of Makhleb.
   560 | D        | Found a viscous altar of Jiyva.
   560 | D        | Found a shimmering altar of Xom.
   560 | D        | Found a corrupted altar of Lugonu.
   560 | D        | Noticed a slime creature
   573 | D        | Killed a slime creature
   573 | D        | Reached skill level 10 in Axes
   573 | D        | Reached XP level 7. HP: 7/69 MP: 7/7
   734 | D        | Killed a hornet
   737 | D        | Killed a hornet
  1003 | D        | Became a worshipper of Makhleb the Destroyer
  1008 | D        | Noticed a kobold demonologist
  1009 | D        | Noticed a kobold demonologist
  1010 | D        | Noticed a red devil
  1010 | D        | Paralysed by a floating eye for 4 turns
  1015 | D        | Paralysed by a floating eye for 4 turns
  1018 | D        | Slain by a red devil

Vault maps used:
D:        dungeon_sprint_1

Skill      XL: |  1  2  3  4  5  6 |
---------------+-------------------+-----
Fighting       | 5 6 7 8 |  8.7
Axes           | 4 6 8 10 | 10.6
Armour         | 4 6 7 8 |  8.4
Shields        | 4 5 7 |  7.8
Dodging        | 1 2 |  2.9

Action                   |  1- 3 |  4- 6 |  7- 9 || total
-------------------------+-------+-------+-------++-------
Melee: War axe           |    28 |    20 |     2 ||    50
  Use: Potion            |       |       |     1 ||     1
Armor: Scale mail        |     9 |       |       ||     9
       Leather armour    |       |     1 |     9 ||    10
Dodge: Dodged            |     6 |     5 |     2 ||    13
Block: Shield            |    11 |     7 |     2 ||    20

Table legend:
 A = Spawn XP
 B = Non-spawn XP
 C = Spawn XP percentage of total XP
 D = Spawn monster count
 E = Non-spawn monster count
 F = Spawn count percentage of total count
 G = Total turns spent on level
                    A         B        C        D         E        F      G
               +---------+---------+-------+---------+---------+-------+---------
         Total |       0 |     662 |   0.0 |       0 |       4 |   0.0 |  1018
               +---------+---------+-------+---------+---------+-------+---------
             D |       0 |     662 |   0.0 |       0 |       4 |   0.0 |  1018
               +---------+---------+-------+---------+---------+-------+---------
